[Event "Early-Titled-Tuesday-Blitz-December-26-2023"]
[Site "Chess.com"]
[Date "2023.12.26"]
[Round "7"]
[White "Kacparov"]
[Black "Eternauta2400"]
[Result "1-0"]
[WhiteElo "2962"]
[BlackElo "2819"]
[TimeControl "180+1"]
[EndTime "9:17:50 PST"]
[Termination "Kacparov won by resignation"]

1. e4 c6 2. d4 d5 3. e5 Bf5 4.
Nf3 e6 5. Be2 c5 6. Be3 Qb6 7.
Nc3 c4 8. Qc1 Qd8 9. O-O Bb4 10.
a3 Bxc3 11. bxc3 Nc6 12. a4 Nge7 13. Qa3 O-O 14. Rab1 b6 15. Rb2 Bg6 16. Bg5 Qd7 17. h4 h6 18. Bd2 Bh5 19. Re1 Rfb8 20. Bf4 a6 21. Reb1 Qd8 22. Qd6 Bg6 23. Ne1 Qe8 24.
Rxb6 Nc8 25. Rxb8 Rxb8 26. Rxb8 Nxd6 27. Rxe8+ Nxe8 28. h5 Bh7 29. Bc1 Nb8 30. Ba3 Nd7 31. Bb4 Nc7 32. f3 Nb6 33. a5 Na4 34. Kf2 Nb5 35.
Ke3 Nbxc3 36. Bf1 Nb5 37. g4 f6 38. f4 Kf7 39. exf6 gxf6 40. Be2 Nac3 41. Bf3 Be4 42.
Bxc3 Nxc3 43. Bxe4 Nxe4 44. Nf3 Nd6 45. g5 Nb7 46. g6+ Kg7 47. f5 Nxa5 48. fxe6 Nc6 49. Nh4 Ne7 50. Kf4 a5 51. Nf5+ Nxf5 52. Kxf5 a4 53. e7 1-0

[Event "Early-Titled-Tuesday-Blitz-December-26-2023"]
[Site "Chess.com"]
[Date "2023.12.26"]
[Round "7"]
[White "MIss_MIaMI"]
[Black "chessdiamant"]
[Result "0-1"]
[WhiteElo "2429"]
[BlackElo "2572"]
[TimeControl "180+1"]
[EndTime "9:17:51 PST"]
[Termination "chessdiamant won on time"]

1. e4 d5 2. exd5 Nf6 3. Nc3 Nxd5 4. Bc4 Nxc3 5. Qf3 e6 6. dxc3 Be7 7. Bf4 O-O 8. Rd1 Nd7 9. h4 c6 10. h5 Qa5 11. h6 g6 12. Ne2 Ne5 13. Qe4 Nxc4 14. Qxc4 e5 15. Bg3 Be6 16. Qe4 Bf6 17. O-O Rfe8 18. a3 Bf5 19. Qf3 Bg5 20. c4 Bxh6 21. Qb3 Qb6 22. Qa4 Bg7 23. Nc3 Qxb2 24. Qb3 Qxc2 25. Qxc2 Bxc2 26. Rd7 b6 27. Re1 Bf5 28. Rd6 Rac8 29. a4 Be6 30. c5 bxc5 31. Ne4 Bd5 32. Rd7 Bxe4 33. Rxe4 a5 34. Rc4 Bf8 35. f3 Red8 36.
Ra7 Rd4 37. Rc2 Rxa4 38. Bxe5 c4 39. Bc3 Bc5+ 40. Kh2 Bxa7 41. Bf6 Bb8+ 42. Kh3 Bd6 43. Rd2 Bf8 44. Rc2 Rb4 45. Bc3 Rb3 46. Bxa5 Rb5 47. Bc3 Rh5+ 48. Kg4 Rd5 49. Bf6 Bg7 50. Be7 c3 51.
Bb4 Rd2 52. Rc1 Rd3 53. g3 c5 54. Ba5 Ra8 55. Bb6 c4 56. f4 Rd2 57. Kf3 c2 58.
Bc7 Bb2 0-1

[Event "Early-Titled-Tuesday-Blitz-December-26-2023"]
[Site "Chess.com"]
[Date "2023.12.26"]
[Round "7"]
[White "BashirliSaadat"]
[Black "Yeritsyaan"]
[Result "0-1"]
[WhiteElo "2432"]
[BlackElo "2629"]
[TimeControl "180+1"]
[EndTime "9:17:52 PST"]
[Termination "Yeritsyaan won by resignation"]

1. e4 g6 2. d4 Bg7 3. Nc3 c6 4. Be2 d5 5. e5 h5 6. f4 Nh6 7. h3 a6 8. Nf3 Nf5 9. Kf2 h4 10. Ng5 Ng3 11. Re1 f6 12. exf6 exf6 13. Bh5+ Kf8 14. Bxg6 fxg5 15. Re8+ Qxe8 16. Bxe8 Kxe8 17.
Qe1+ Kf7 18. fxg5 Bxd4+ 19. Kf3 Bf5 20. Bf4 Re8 21. Qd2 Be5 22. Bxe5 Rxe5 23. Re1 Nd7 24. Rxe5 Nxe5+ 25. Kf2 Re8 26. Qf4 Ng6 27. Qb4 b5 28. Qd6 Re2+ 29. Kf3 Re6 30. Qd7+ Ne7 31. Qd8 Bxc2 32.
Qh8 Bg6 33. Qxh4 Nef5 34. Qb4 Ne4 35. Nxe4 dxe4+ 36. Ke2 e3 37. Qf4 Kg7 38. h4 Bh5+ 39. Ke1 Bg6 40. Qc7+ Ne7 41. Qf4 Nd5 42. Qd4+ Kf7 43.
h5 Bxh5 44. g4 Bg6 45. Qa7+ Re7 46. Qd4 Re4 47. Qf6+ Nxf6 48. gxf6 Kxf6 0-1

[Event "Early-Titled-Tuesday-Blitz-December-26-2023"]
[Site "Chess.com"]
[Date "2023.12.26"]
[Round "7"]
[White "ProfessorChess101"]
[Black "Kirill_Klukin"]
[Result "0-1"]
[WhiteElo "2600"]
[BlackElo "2823"]
[TimeControl "180+1"]
[EndTime "9:17:54 PST"]
[Termination "Kirill_Klukin won on time"]

1. d4 f5 2. Bg5 g6 3. Nc3 Bg7 4. e4 fxe4 5. Nxe4 Nf6 6. Nxf6+ exf6 7. Qe2+ Qe7 8. Qxe7+ Kxe7 9. Be3 b6 10. O-O-O Bb7 11. h4 h5 12. Nh3 Kf7 13. Nf4 Bh6 14. Rh3 Nc6 15. Bc4+ Kg7 16. Rg3 Bxf4 17. Bxf4 Ne7 18.
Bd3 d6 19. Re1 Rae8 20. Rge3 Kf7 21. Bc4+ Nd5 22. Bg3 Rxe3 23. Rxe3 Re8 24. Rxe8 Kxe8 25.
Kd2 Ne7 26. f3 Bd5 27. Bb5+ Kf7 28. a4 Bc6 29. Bc4+ Bd5 30. Bd3 Be6 31. Bf2 Bf5 32.
Be2 Bd7 33. b3 a5 34. c4 c5 35. g4 Nc6 36. Kc3 Ke7 37. Bd3 Be8 38. Be4 Nd8 39. Bd5 Ne6 40. Bxe6 Kxe6 41. Kd3 Bd7 42. Ke4 Kf7 43.
Kd5 Ke7 44. gxh5 gxh5 45. Ke4 cxd4 0-1

[Event "Early-Titled-Tuesday-Blitz-December-26-2023"]
[Site "Chess.com"]
[Date "2023.12.26"]
[Round "7"]
[White "LikeWater"]
[Black "Bauman_Guy"]
[Result "0-1"]
[WhiteElo "2754"]
[BlackElo "2910"]
[TimeControl "180+1"]
[EndTime "9:17:59 PST"]
[Termination "Bauman_Guy won by resignation"]

1. e4 c5 2. c3 d5 3. exd5 Qxd5 4. d4 e6 5. Nf3 Nf6 6. Na3 Nc6 7. Nb5 Qd8 8. dxc5 Bxc5 9. Qxd8+ Kxd8 10. b4 Bb6 11. a4 Ne4 12. Be3 Bxe3 13. fxe3 a6 14. Nbd4 Bd7 15. Nxc6+ Bxc6 16. Ne5 Be8 17. c4 a5 18. b5 Rc8 19. Bd3 Nc5 20. Ke2 f6 21. Nf3 Ke7 22. Nd2 Bh5+ 23. Nf3 e5 24. e4 Rhd8 25.
Rhd1 Bf7 26. Ke3 Nxd3 27. Rxd3 Rxd3+ 28. Kxd3 Rxc4 29. Nd2 Rd4+ 30. Ke3 Kd6 31. Ra3 Kc7 32. Rc3+ Kb6 33. Rd3 Rxd3+ 34. Kxd3 Kc5 35. Kc3 b6 36.
Nf3 Bh5 37. Ne1 Be2 38. Kd2 Bh5 39. Kc3 Bg6 40. Nd3+ Kd6 41. Nf2 Bh5 42. Nd3 Be2 43. Ne1 Bd1 44. g3 Bxa4 45. Kc4 Bd1 46. h4 Be2+ 47.
Kc3 Bxb5 48. Nc2 Bd7 49. Ne3 Be6 50. Kd3 b5 51. Nc2 b4 0-1

[Event "Early-Titled-Tuesday-Blitz-December-26-2023"]
[Site "Chess.com"]
[Date "2023.12.26"]
[Round "7"]
[White "artin10862"]
[Black "albi1999"]
[Result "1-0"]
[WhiteElo "2920"]
[BlackElo "2668"]
[TimeControl "180+1"]
[EndTime "9:17:59 PST"]
[Termination "artin10862 won by resignation"]

1. d4 Nf6 2. c4 e6 3. Nc3 d5 4. cxd5 exd5 5. Bf4 Bd6 6. Bxd6 Qxd6 7. e3 c6 8. Bd3 O-O 9. h3 Re8 10. Nf3 Nbd7 11.
Qc2 Nf8 12. O-O-O b5 13. Kb1 a5 14. Rc1 a4 15. Ne5 Bd7 16. g4 Rec8 17. g5 Ne8 18. Nxd7 Qxd7 19. Bf5 Ne6 20. Bxh7+ Kf8 21. Bf5 Nd6 22. Bg4 Nc4 23. Qh7 b4 24. Ne2 a3 25. b3 Nd2+ 26. Ka1 Ne4 27. Nf4 N4xg5 28. Bxe6 Nxe6 29. Rhg1 c5 30. dxc5 d4 31. Qh8+ Ke7 32.
Qh4+ Kf8 33. Nxe6+ Qxe6 34. Qxd4 Rd8 35. Qxg7+ Ke8 36.
Rg5 Rd5 37. Rxd5 Qxd5 38. Qd4 Qf5 39. Qxb4 Rd8 40. Qxa3 Rd2 41. Qb4 Qe5+ 42. Qc3 Qxc3+ 43. Rxc3 Rxf2 44. c6 Kd8 45. b4 Kc7 46. b5 1-0

[Event "Early-Titled-Tuesday-Blitz-December-26-2023"]
[Site "Chess.com"]
[Date "2023.12.26"]
[Round "7"]
[White "Flawless_Fighter"]
[Black "YurasovMat-2012"]
[Result "1-0"]
[WhiteElo "2787"]
[BlackElo "2526"]
[TimeControl "180+1"]
[EndTime "9:18:01 PST"]
[Termination "Flawless_Fighter won on time"]

1. e4 e5 2. Nf3 Nf6 3. Nc3 Nc6 4.
Bb5 Bc5 5. O-O d6 6. Na4 Bb6 7. Nxb6 axb6 8. d4 exd4 9. Nxd4 Bd7 10. Nf5 Bxf5 11. exf5 O-O 12. Bg5 h6 13. Bh4 Re8 14. Qf3 Nd4 15. Qd3 Nxb5 16. Qxb5 Re5 17. Qd3 Qe7 18. h3 Re8 19. a4 Re4 20. Bg3 Qd7 21.
b3 Qxf5 22. f3 Qc5+ 23. Bf2 Re3 24. Qd2 Qg5 25. Bxe3 Rxe3 26. Rae1 Rxe1 27. Qxe1 Nd5 28. Qe8+ Kh7 29. Qe4+ Kg8 30. h4 Qh5 31. Re1 Nf6 32.
Qd4 Qf5 33. Re2 Qg6 34. Kh2 Qf5 35. Qe3 c5 36. Qf2 d5 37. Qg3 d4 38. Qb8+ Kh7 39. Qg3 c4 40. bxc4 Qc5 41. Qf4 Qxc4 42. Re7 Qxc2 43.
Rxf7 Qg6 44. Rxb7 d3 45. Rxb6 Nd5 46. Rxg6 Nxf4 47. Rd6 1-0

[Event "Early-Titled-Tuesday-Blitz-December-26-2023"]
[Site "Chess.com"]
[Date "2023.12.26"]
[Round "7"]
[White "tantaan"]
[Black "karinachess1"]
[Result "1/2-1/2"]
[WhiteElo "2481"]
[BlackElo "2571"]
[TimeControl "180+1"]
[EndTime "9:18:01 PST"]
[Termination "Game drawn by repetition"]

1. e4 e5 2. Nc3 Nf6 3. Bc4 Be7 4. d3 O-O 5. f4 exf4 6. Bxf4 c6 7. Nf3 d5 8. Bb3 dxe4 9. dxe4 Qxd1+ 10. Rxd1 Bb4 11. e5 Ne4 12. O-O Nxc3 13. bxc3 Bxc3 14. Ng5 Bg4 15.
Rd3 Be2 16. Rxc3 Bxf1 17. Kxf1 h6 18. Ne4 Na6 19. Nd6 Rab8 20. Be3 c5 21. Bxc5 Nxc5 22. Rxc5 Kh7 23. Nxf7 Rbe8 24. Ke2 Re7 25. Ke3 b6 26. Rc6 g6 27. e6 Rfxf7 28. Rd6 Rf5 29. Rd7 Rxd7 30.
exd7 Rf8 31. Kd4 Kg7 32. Kd5 Kf6 33. Kd6 Rd8 34. g4 g5 35. Bd5 Rf8 36. Be6 Rd8 37. c4 Rf8 38. h3 Rd8 39. Bf5 Rf8 40.
a4 Rd8 41. Be6 Rf8 42. Bf5 Rh8 43. Be4 Rf8 44. Bb7 Rd8 45. Bc8 Rf8 46. Bb7 Rd8 47.
Bd5 Rf8 48. Be6 Rd8 49. Bf5 Rf8 50. Be6 Rh8 51. Bf5 Rf8 52. Be6 1/2-1/2

[Event "Early-Titled-Tuesday-Blitz-December-26-2023"]
[Site "Chess.com"]
[Date "2023.12.26"]
[Round "7"]
[White "Kaissa10"]
[Black "Keaton87"]
[Result "0-1"]
[WhiteElo "2073"]
[BlackElo "2649"]
[TimeControl "180+1"]
[EndTime "9:18:06 PST"]
[Termination "Keaton87 won by resignation"]

1. e4 c5 2. Nf3 d6 3. Bb5+ Bd7 4. Bxd7+ Qxd7 5. c4 Nf6 6. d3 g6 7. O-O Bg7 8. Nc3 O-O 9. a3 Nc6 10. Rb1 a5 11. d4 cxd4 12. Nxd4 Nxe4 13. Nxc6 Nxc3 14. Nxe7+ Qxe7 15. bxc3 Bxc3 16. Qf3 Bd4 17. Rxb7 Qf6 18.
Qd5 Qe5 19. Bh6 Qxd5 20. cxd5 Rfb8 21. Rd7 Rd8 22. Rb7 Rab8 23. Rfb1 Rbc8 24. Rc1 Rxc1+ 25. Bxc1 Kg7 26. Be3 Bxe3 27. fxe3 Rc8 28. Rb5 Rc3 29. Rxa5 Rxe3 30. Ra6 Rd3 31. Rxd6 Rxa3 32. Kf2 Rd3 33. Ke2 Ra3 34. h3 h5 35. Kf2 Kf8 36. Rd7 Ke8 37. Rd6 Ke7 38. Rb6 Rd3 39. Rb7+ Kf6 40. Rb6+ Ke5 41. Rb7 f6 42. Rb6 Rxd5 43. g4 h4 44. Rb4 Rd3 45. Kg2 Rg3+ 46. Kh2 Re3 47. Ra4 Re4 48. Ra5+ Kf4 49. Ra6 Re2+ 50. Kg1 Kg5 51.
Ra5+ f5 52. Kf1 Rh2 53. gxf5 gxf5 54. Ra3 Kf4 55. Ra4+ Kg5 56. Ra3 Rd2 57. Kg1 Re2 58. Kf1 Re4 59. Kg2 Rd4 60. Kf3 Rd2 61. Ra4 Rh2 62.
Ra5 Rxh3+ 63. Kg2 Rc3 0-1

[Event "Early-Titled-Tuesday-Blitz-December-26-2023"]
[Site "Chess.com"]
[Date "2023.12.26"]
[Round "7"]
[White "Witik"]
[Black "viviania"]
[Result "0-1"]
[WhiteElo "2735"]
[BlackElo "2882"]
[TimeControl "180+1"]
[EndTime "9:18:07 PST"]
[Termination "viviania won by checkmate"]

1. d4 Nf6 2. c4 e6 3. g3 c5 4. d5 exd5 5. cxd5 d6 6. Nc3 g6 7. Nf3 Bg7 8. Bg2 O-O 9. O-O Re8 10.
Bf4 h6 11. Re1 g5 12. Bc1 Bf5 13. Nd2 Nbd7 14. e4 Bg6 15. Nc4 Nb6 16. Na3 Qd7 17. f3 Re7 18. g4 a6 19. Be3 Qc7 20. Rc1 Nbd7 21. Nc2 b5 22. Bf2 Nb6 23. Ne3 Nfd7 24. Qd2 b4 25. Ne2 a5 26. Ng3 Ree8 27. Ngf5 Ne5 28. Kh1 f6 29. Bg3 Bf8 30. f4 gxf4 31. Bxf4 Qh7 32. Rg1 Ra7 33. Qe2 Kh8 34. Rcf1 Rc7 35. b3 a4 36. Rf2 axb3 37. axb3 Ra7 38. Bf1 Ra3 39. Qc2 Rea8 40. Rg3 Nbd7 41. Rh3 Nf7 42.
Nc4 Bxf5 43. gxf5 Nde5 44. Rg2 Ng5 45. Rhg3 Ra2 46. Qxa2 Rxa2 47. Rxa2 Nxe4 48. Rgg2 Qxf5 49. Ra8 Qxf4 50. Rxf8+ Kh7 51. Nxe5 Qxf1+ 52. Rg1 Nf2# 0-1

[Event "Early-Titled-Tuesday-Blitz-December-26-2023"]
[Site "Chess.com"]
[Date "2023.12.26"]
[Round "7"]
[White "matagordo"]
[Black "laskakid"]
[Result "1-0"]
[WhiteElo "2252"]
[BlackElo "2359"]
[TimeControl "180+1"]
[EndTime "9:18:10 PST"]
[Termination "matagordo won on time"]

1. d4 d5 2. Bf4 Nf6 3. e3 e6 4.
Nf3 Bd6 5. Ne5 O-O 6. Nd2 c5 7. c3 Nc6 8. Bd3 Qc7 9. Ndf3 Ne4 10. O-O Ne7 11. dxc5 Qxc5 12. Bc2 f6 13. Nd3 Qc7 14. Bxd6 Qxd6 15. Nb4 Qb6 16. Bxe4 dxe4 17. Nd2 a5 18. Nc2 Qxb2 19. Nxe4 f5 20. Nd6 Qxc3 21. Nd4 Rd8 22. Nxc8 Raxc8 23. Qh5 g6 24. Qh4 Nd5 25. Nxe6 Re8 26.
Ng5 Qg7 27. Rad1 Nf6 28. Qh3 Rcd8 29. Nf3 Rxd1 30. Rxd1 Ne4 31. Qh4 Qe7 32. Qf4 Kg7 33. h4 Rd8 34. Re1 Rd3 35. h5 Ra3 36. hxg6 hxg6 37. Nd4 Rxa2 38. f3 Nc3 39. Qg3 Rb2 40. Nxf5+ Kf6 41. Nxe7 Kxe7 42. Qxg6 Ne2+ 43. Rxe2 Rxe2 44.
Kf1 Rb2 45. Qg7+ Kd6 46. Qxb2 Kc6 47. Qa3 b6 48. g4 Kb7 49. g5 Ka6 50. g6 b5 51. g7 b4 52. g8=Q bxa3 53. Qb3 a4 54. Qxa4+ Kb6 55. Qxa3 Kb5 56. Qd3+ 1-0

[Event "Early-Titled-Tuesday-Blitz-December-26-2023"]
[Site "Chess.com"]
[Date "2023.12.26"]
[Round "7"]
[White "Evgeny81"]
[Black "sergoy"]
[Result "0-1"]
[WhiteElo "2777"]
[BlackElo "2952"]
[TimeControl "180+1"]
[EndTime "9:18:12 PST"]
[Termination "sergoy won on time"]

1. d4 Nf6 2. c4 e6 3. Nf3 d5 4. g3 Bb4+ 5. Bd2 a5 6. Bg2 O-O 7. O-O dxc4 8. Bg5 b5 9. a4 c6 10. Ne5 Ra6 11. Nc3 Rb6 12. Qc2 Be7 13. axb5 cxb5 14.
Rxa5 Ba6 15. Rfa1 h6 16. Be3 Rd6 17. Nxb5 Bxb5 18. Rxb5 Nd5 19. Bxd5 exd5 20. Ra8 Qc7 21. Bf4 g5 22. Bd2 Nc6 23. Rxf8+ Bxf8 24. Nxc6 Qxc6 25. Rb8 Re6 26. Bb4 Re8 27. Rxe8 Qxe8 28. Bxf8 Kxf8 29.
Kf1 Qb5 30. Qc3 Qa4 31. Qa3+ Qxa3 32. bxa3 f5 33. Ke1 Ke7 34. Kd2 Kd6 35. Kc3 Kc6 36.
Kb4 Kb6 37. h3 Kc6 38. h4 Kb6 39. hxg5 hxg5 40. g4 fxg4 41. e4 dxe4 42. Kxc4 e3 43. Kd3 exf2 44. Ke2 g3 45. a4 Kc6 46. Kf1 g4 47. Kg2 Kb6 48. Kf1 Kc6 49. Kg2 Kb6 50. Kf1 Ka5 51. d5 Kb6 52. Kg2 Kc5 53. a5 Kxd5 0-1

[Event "Early-Titled-Tuesday-Blitz-December-26-2023"]
[Site "Chess.com"]
[Date "2023.12.26"]
[Round "7"]
[White "Sina_Movahed"]
[Black "Aradhya2000"]
[Result "1/2-1/2"]
[WhiteElo "3004"]
[BlackElo "2716"]
[TimeControl "180+1"]
[EndTime "9:18:12 PST"]
[Termination "Game drawn by agreement"]

1. Nf3 d5 2. c4 d4 3. b4 f6 4. e3 e5 5. c5 a5 6. Qa4+ Bd7 7. b5 Bxc5 8. exd4 exd4 9. Bc4 Ne7 10. O-O Bg4 11. Re1 Bxf3 12. gxf3 Nd7 13. Be6 Ne5 14.
Qd1 Qd6 15. Bh3 O-O 16. f4 N5g6 17. d3 Nxf4 18. Bxf4 Qxf4 19. Re4 Qg5+ 20. Rg4 Qh6 21.
Bg2 f5 22. Rg3 Bd6 23. Rh3 Qg5 24. Nd2 Ng6 25. Nc4 Rae8 26. Kh1 b6 27. Qf3 Kh8 28.
Rg1 Ne5 29. Nxe5 Rxe5 30. Qd1 Qe7 31. Bc6 g5 32. Rh6 Rf6 33. Qh5 Rxh6 34. Qxh6 Qg7 35. Qh5 Qg6 36. Rxg5 Qxh5 37. Rxh5 Kg7 38. Kg2 Kg6 39.
Rh4 Re2 40. a4 Bc5 41. Rf4 Rd2 42. Bd7 Rxd3 43. Bxf5+ Kg5 44. Bxd3 Kxf4 45. Bxh7 Be7 46. h3 Bh4 47. Bd3 Bg5 48. Kf1 Kf3 49. Bc4 Bh4 50. Bd5+ Kf4 51. Ke2 Be7 52. Kd3 Bh4 53. f3 Bf2 54. Be4 Kg3 55. Kc4 Kxh3 56. f4 Kg4 57.
f5 Kg5 58. Kd5 Kf6 59. Kc6 Bg3 60. Kd5 Be5 61. Bd3 Bd6 62. Kxd4 Bh2 63. Kd5 Bd6 64.
Kc6 Bh2 65. Kd5 Bd6 66. Kc6 Bh2 1/2-1/2

[Event "Early-Titled-Tuesday-Blitz-December-26-2023"]
[Site "Chess.com"]
[Date "2023.12.26"]
[Round "7"]
[White "Onischuk_V"]
[Black "secrethawk1"]
[Result "1-0"]
[WhiteElo "2719"]
[BlackElo "2465"]
[TimeControl "180+1"]
[EndTime "9:18:14 PST"]
[Termination "Onischuk_V won by checkmate"]

1. Nf3 Nf6 2. g3 d5 3. Bg2 Bf5 4. O-O e6 5. d3 h6 6. c4 c6 7. cxd5 exd5 8. Nc3 Be7 9. Qb3 Qb6 10. Qc2 O-O 11.
e4 dxe4 12. dxe4 Bh7 13. Be3 Qa6 14. Nd4 Nbd7 15. Rad1 Rad8 16. h3 Ne5 17. b3 Rfe8 18. f4 Ned7 19. f5 Bc5 20. Bf2 Ne5 21. Rfe1 b5 22. Ncxb5 Qb6 23. b4 Bxb4 24. Nc3 Qa5 25. Nb3 Qa6 26. Rxd8 Rxd8 27. Rd1 Rxd1+ 28. Nxd1 Qb7 29.
g4 Qd7 30. Nb2 Ne8 31. Nc4 Nxc4 32. Qxc4 Bd6 33. Qd4 Qe7 34. Qxa7 Qe5 35. Qd4 Qh2+ 36. Kf1 Qf4 37. a4 Nf6 38. a5 Nd7 39. e5 Qxd4 40. Nxd4 Bxe5 41. Nxc6 Bc7 42. a6 Nb6 43. a7 g6 44.
Bxb6 Bxb6 45. a8=Q+ Kg7 46. Qc8 Kf6 47. Nb4 gxf5 48.
Nd5+ Kg5 49. Nxb6 fxg4 50. Qxg4+ Kf6 51. Nd5+ Ke5 52. Qf4+ Ke6 53. Qf6+ Kd7 54. Qxf7+ Kd6 55. Qc7+ Ke6 56. Qe7+ Kf5 57. Be4# 1-0

[Event "Early-Titled-Tuesday-Blitz-December-26-2023"]
[Site "Chess.com"]
[Date "2023.12.26"]
[Round "7"]
[White "ural58"]
[Black "Iskusnyh"]
[Result "0-1"]
[WhiteElo "2492"]
[BlackElo "2625"]
[TimeControl "180+1"]
[EndTime "9:18:15 PST"]
[Termination "Iskusnyh won on time"]

1. e4 e6 2. d4 d5 3. Nc3 Nf6 4. Bg5 dxe4 5. Nxe4 Nbd7 6. Nf3 h6 7. Nxf6+ Nxf6 8. Be3 Bd6 9. Be2 O-O 10. O-O b6 11. h3 Bb7 12. c4 c5 13. Qc1 Qe7 14. Rd1 Rac8 15. b3 Rfd8 16. Qb2 Ne4 17. a3 Qf6 18. Qc2 Bf4 19. Bxf4 Qxf4 20. dxc5 Nxc5 21. b4 Ne4 22. Rac1 Qf6 23. Rxd8+ Rxd8 24. Bd3 Ng5 25. Nxg5 Qxg5 26. Bf1 Rd2 27. Qc3 Qf4 28. Qe3 Qxe3 29. fxe3 Kf8 30. c5 bxc5 31. Rxc5 Rd7 32. a4 g5 33.
Be2 Ke7 34. Ra5 Be4 35. Kf2 f5 36. g3 Kf6 37. Ke1 Rc7 38. Kd1 Bc2+ 39. Kd2 Be4 40.
Bb5 Rc2+ 41. Kd1 Rb2 42. Rxa7 Rxb4 43. Be8 Rb3 44. Kd2 Rd3+ 45. Ke2 Ra3 46. a5 Ra2+ 47. Ke1 Bf3 48. Bb5 Rb2 49. Bc4 Ke5 50. a6 Ke4 51. Bxe6 Kxe3 52. Rd7 Rb1+ 0-1

[Event "Early-Titled-Tuesday-Blitz-December-26-2023"]
[Site "Chess.com"]
[Date "2023.12.26"]
[Round "7"]
[White "NelsonLinda"]
[Black "Philosopherrr"]
[Result "1-0"]
[WhiteElo "2611"]
[BlackElo "2395"]
[TimeControl "180+1"]
[EndTime "9:18:15 PST"]
[Termination "NelsonLinda won on time"]

1. b3 Nf6 2. Bb2 g6 3. Bxf6 exf6 4. c4 f5 5. Nc3 f4 6. Nd5 Bh6 7. g3 fxg3 8. hxg3 Bg7 9. Rc1 c6 10. Nf4 O-O 11. Nf3 d6 12. Bg2 Bg4 13. d3 Nd7 14.
Qd2 Ne5 15. Nh2 Bf5 16. d4 Ng4 17. Nxg4 Bxg4 18. Bf3 Bxf3 19. exf3 Re8+ 20. Kf1 Qb6 21. Rd1 Re7 22. Kg2 Rae8 23. d5 c5 24. Rhe1 Qd8 25. Nd3 Bd4 26. Rxe7 Rxe7 27. Re1 Qe8 28. Rxe7 Qxe7 29.
Nc1 f5 30. Ne2 Bf6 31. f4 Qe4+ 32. f3 Qb1 33. g4 Kf7 34. g5 Bg7 35. Kf2 Qb2 36.
Qxb2 Bxb2 37. Ke3 Kg7 38. Ng3 h6 39. gxh6+ Kxh6 40. Nf1 Kh5 41. Kf2 Bc1 42. Kg3 a6 43. a4 Kh6 44. Nh2 Kg7 45. Nf1 Kf6 46. Kf2 Bxf4 47.
Ke2 1-0

[Event "Early-Titled-Tuesday-Blitz-December-26-2023"]
[Site "Chess.com"]
[Date "2023.12.26"]
[Round "7"]
[White "Yushko_Olga"]
[Black "KorolDimitriy75"]
[Result "0-1"]
[WhiteElo "2179"]
[BlackElo "2364"]
[TimeControl "180+1"]
[EndTime "9:18:17 PST"]
[Termination "KorolDimitriy75 won by resignation"]

1. d4 Nf6 2. c4 c5 3. d5 b5 4.
cxb5 a6 5. b6 d6 6. Nc3 Nbd7 7.
Nf3 g6 8. Bg5 Bg7 9. e4 O-O 10.
h3 Nxb6 11. Be2 e6 12. dxe6 Bxe6 13. O-O h6 14. Bh4 g5 15. Bg3 d5 16. exd5 Nfxd5 17.
Nxd5 Nxd5 18. Qc2 Qb6 19. Be5 Rfd8 20. Rac1 Rac8 21. Rfd1 Nb4 22. Rxd8+ Qxd8 23. Qc3 Nxa2 24. Qe3 Nxc1 25. Qxc1 Bxe5 26. Nxe5 Qd4 27. Nf3 Qd6 28. h4 f6 29. Qc2 Kg7 30. Qe4 Bd5 31. Qd3 Rd8 32. h5 Bf7 33. Qxa6 Qxa6 34. Bxa6 Bxh5 35. Ne1 Rd1 36. Kf1 Rb1 37. f3 Rxb2 38. Nd3 Rc2 39. Bb7 Bg6 40. Ne1 Rb2 41. Bd5 Rd2 42. Bc4 Bf7 43. Bb5 c4 44. Ba4 c3 45. Nc2 Bg6 46.
Nb4 c2 47. Na2 Rd1+ 48. Ke2 c1=Q 49. Bxd1 Qc6 50. Bb3 Qb6 51. Bc4 Qb2+ 52. Ke3 Qe5+ 53. Kd2 Qd4+ 0-1

[Event "Early-Titled-Tuesday-Blitz-December-26-2023"]
[Site "Chess.com"]
[Date "2023.12.26"]
[Round "7"]
[White "Herzog2012"]
[Black "sokidze"]
[Result "1/2-1/2"]
[WhiteElo "2556"]
[BlackElo "2774"]
[TimeControl "180+1"]
[EndTime "9:18:18 PST"]
[Termination "Game drawn - insufficient material"]

1. e4 c6 2. d4 d5 3. e5 Bf5 4. Nf3 e6 5. Be2 c5 6. Be3 Qb6 7. Nc3 Nc6 8. O-O Qxb2 9. Qe1 cxd4 10. Bxd4 Nxd4 11. Nxd4 Bb4 12. Rb1 Bxc3 13. Rxb2 Bxe1 14. Rxe1 b6 15. h4 h5 16. Nxf5 exf5 17. c4 Ne7 18.
Rd2 O-O-O 19. Red1 dxc4 20. Bxc4 Ng6 21. Bxf7 Nxe5 22. Be6+ Kc7 23. Bxf5 Rxd2 24. Rxd2 Rd8 25. Rxd8 Kxd8 26. f4 Nd7 27. Kf2 Nf6 28. Ke3 Nd5+ 29. Kf3 Ke7 30. Bg6 Nc3 31. a3 Nb5 32. Bxh5 Nxa3 33. Ke4 b5 34. Kd4 b4 35. Bd1 Kd6 36. g4 a5 37. g5 Nb5+ 38. Kc4 Nc3 39. Bc2 Nd5 40. Kb5 Nxf4 41. Kxa5 Kc5 42. Bb3 Nh5 43.
Bd1 Ng3 44. h5 Ne4 45. h6 gxh6 46. gxh6 Nf6 47. Bc2 Kc4 48. h7 Nxh7 49. Bxh7 b3 50. Bg8+ Kc3 51. Bxb3 1/2-1/2

[Event "Early-Titled-Tuesday-Blitz-December-26-2023"]
[Site "Chess.com"]
[Date "2023.12.26"]
[Round "7"]
[White "Artyom_ChessMate"]
[Black "elchacal664"]
[Result "1-0"]
[WhiteElo "2511"]
[BlackElo "2299"]
[TimeControl "180+1"]
[EndTime "9:18:18 PST"]
[Termination "Artyom_ChessMate won by resignation"]

1. e4 c5 2. Nf3 e6 3. c3 a6 4. d4 cxd4 5. cxd4 d6 6. Nc3 g6 7. g3 Bg7 8. Bg2 Ne7 9. O-O O-O 10. Re1 Nbc6 11. Be3 d5 12. e5 Nf5 13. Qd2 Nxe3 14.
fxe3 Bh6 15. Qd3 Nb4 16. Qe2 Bd7 17. a3 Nc6 18. e4 Qb6 19. Rad1 Ne7 20. exd5 Nxd5 21.
Ne4 Bb5 22. Qf2 Rac8 23. Nd6 Rc6 24. h4 Ba4 25. Rd3 Rc2 26. Re2 Rxe2 27. Qxe2 Bb5 28. Nxb5 Qxb5 29. Ng5 Bxg5 30. hxg5 Rc8 31. Qd2 Rc7 32. Bf1 Qc6 33. Bg2 Qc1+ 34. Kh2 Qxd2 35. Rxd2 Nb6 36. Kg1 Rd7 37. Bf1 Nd5 38. Kf2 Ne7 39.
g4 Nc6 40. Ke3 Rc7 41. Rc2 Rc8 42. Bg2 Rc7 43. Bxc6 bxc6 44. b4 Kf8 45. Rc5 Ke7 46. Ra5 Ra7 47. Kd3 Kd7 48. Kc4 Kc7 49. Rc5 Kb6 50. a4 a5 51. Rxa5 Rxa5 52. bxa5+ Kxa5 53. Kc5 Kxa4 54. Kxc6 Kb4 55. d5 exd5 56. Kxd5 Kb5 57. e6 fxe6+ 58. Kxe6 Kc5 59. Kf6 Kd5 60. Kg7 Ke6 61.
Kxh7 Kf7 62. Kh6 Kf8 63. Kxg6 Kg8 64. Kh6 Kh8 65. g6 Kg8 66. g7 Kf7 67. Kh7 Kf6 68.
g8=Q 1-0

[Event "Early-Titled-Tuesday-Blitz-December-26-2023"]
[Site "Chess.com"]
[Date "2023.12.26"]
[Round "7"]
[White "thechesscorner64"]
[Black "Felix-Rose"]
[Result "0-1"]
[WhiteElo "2406"]
[BlackElo "2256"]
[TimeControl "180+1"]
[EndTime "9:18:25 PST"]
[Termination "Felix-Rose won by checkmate"]

1. e4 g6 2. d4 Bg7 3. Nc3 d6 4. h3 a6 5. Nf3 b5 6. Bd3 Bb7 7. Ne2 Nf6 8. Ng3 h5 9. Qe2 Nbd7 10. Ng5 h4 11. Nf1 e5 12. c3 Qe7 13. d5 Nc5 14. Bc2 c6 15. dxc6 Bxc6 16. Nd2 Bh6 17. Ndf3 Qb7 18. O-O Nfxe4 19. Nxe4 Bxe4 20. Bxe4 Qxe4 21.
Qxe4 Nxe4 22. Re1 f5 23. a4 Bxc1 24. Rexc1 Rb8 25. axb5 axb5 26. Ra7 Kf8 27. Rca1 Kg8 28. Kf1 g5 29. Rc7 Rh7 30. Raa7 Rxc7 31. Rxc7 b4 32. c4 b3 33. Ke2 Ra8 34. Nd2 Ra2 35. Nxe4 fxe4 36.
Ke3 Rxb2 37. Kxe4 Rxf2 38. Rb7 b2 39. Kd5 Rd2+ 40. Ke6 e4 41. Kf6 Rf2+ 42. Kg6 Kf8 43. Kxg5 e3 44. Kxh4 e2 45. Rb8+ Ke7 46. Rb7+ Kd8 47.
Rxb2 e1=Q 48. Rb8+ Kc7 49. Rb6 Qe4+ 50. g4 Qe7+ 51. Kg3 Qe3+ 52. Kh4 Kxb6 53. g5 Rf4+ 54. Kh5 Qe8+ 55. g6 Rf5+ 56. Kh6 Qf8+ 57. g7 Qf6+ 58. Kh7 Rh5+ 59. Kg8 Qd8+ 60. Kf7 Rf5+ 61. Ke6 Qf6+ 62. Kd7 Qxg7+ 63. Kc8 Rf8# 0-1

[Event "Early-Titled-Tuesday-Blitz-December-26-2023"]
[Site "Chess.com"]
[Date "2023.12.26"]
[Round "7"]
[White "AnaKuchava"]
[Black "SmirnovTimofey2000"]
[Result "1-0"]
[WhiteElo "2213"]
[BlackElo "2029"]
[TimeControl "180+1"]
[EndTime "9:18:28 PST"]
[Termination "AnaKuchava won on time"]

1. d4 d5 2. Nf3 Nf6 3. c4 c6 4. Qb3 e6 5. Bg5 Be7 6. e3 O-O 7. Bd3 Nbd7 8. Nc3 h6 9. Bh4 Nh5 10. Bxe7 Qxe7 11. O-O Nhf6 12. e4 dxe4 13. Nxe4 Nxe4 14.
Bxe4 Nf6 15. Bc2 Rd8 16. Rfe1 a5 17. Rad1 Qb4 18. Ne5 Kf8 19. h3 Ke7 20. Qxb4+ axb4 21. Bb3 Nd7 22. Nd3 b6 23. Nxb4 Bb7 24. d5 c5 25. dxe6 fxe6 26. Nd5+ Bxd5 27. cxd5 e5 28. d6+ Kf6 29. Bd5 Ra4 30. a3 Rd4 31. Rxd4 cxd4 32. Rc1 Nc5 33. b3 Rxd6 34. Ba8 Nxb3 35. Rb1 Nd2 36. Rb2 Nc4 37. Rc2 Nxa3 38. Rd2 Nc4 39. Rd1 Na5 40. Be4 Nc6 41. Kf1 Ne7 42. Ke2 Nd5 43.
Bxd5 Rxd5 44. Rb1 Rd6 45. Kd3 Ke6 46. Rb5 g6 47. Ke4 Rc6 48. Rxe5+ Kf6 49. Rb5 Rd6 50. f4 h5 51. g4 d3 52. Rb1 d2 53.
Rd1 b5 54. Ke3 hxg4 55. hxg4 b4 56. Rxd2 1-0